 Dungeon Crawl Stone Soup version 0.22-a0-525-gf69a080 (webtiles) character file.

1955 kae the Insei (level 8, -2/67 HPs)
             Began as a White Draconian Transmuter on June 21, 2018.
             Was a Believer of Okawaru.
             Slain by a killer bee (8 damage)
             ... on level 7 of the Dungeon.
             The game lasted 00:08:32 (8327 turns).

kae the Insei (White Draconian Transmuter)          Turns: 8327, Time: 00:08:33

Health: -2/67      AC:  6    Str: 13    XL:     8   Next: 99%
Magic:  12/14      EV: 14    Int: 11    God:    Okawaru [**....]
Gold:   333        SH:  0    Dex: 13    Spells: 9/15 levels left

rFire    . . .     SeeInvis .     - Unarmed
rCold    + . .     Gourm    .   (no shield)
rNeg     . . .     Faith    .   (armour unavailable)
rPois    .         Spirit   .   (helmet restricted)
rElec    .         Reflect  .   (no cloak)
rCorr    .         Harm     .   (no gloves)
MR       .....                  (no boots)
Stlth    +.........             (no amulet)
HPRegen  0.21/turn              r - -3 ring of intelligence (curse)
MPRegen  0.14/turn              n - ring of wizardry

@: lethally poisoned (-2 -> -6)
A: breathe frost, unfitting armour, cold resistance 1, cold-blooded, AC +6
a: Breathe Frost, Heroism, Renounce Religion


You were on level 7 of the Dungeon.
You worshipped Okawaru.
Okawaru was pleased with you.
You were not hungry.

You visited 1 branch of the dungeon, and saw 7 of its levels.
You also visited: Sewer.

You collected 333 gold pieces.

Inventory:

Hand Weapons
 f - a +1 short sword
Missiles
 a - 173 arrows
Jewellery
 h - an uncursed ring of ice
 i - an uncursed ring of flight
 n - a ring of wizardry (right hand)
 r - a cursed -3 ring of intelligence (left hand)
 C - a cursed +1 ring of evasion {unknown}
Wands
 o - a wand of disintegration (7)
 v - a wand of iceblast (9)
 w - a wand of flame (25)
 B - a wand of paralysis (15)
Scrolls
 d - a scroll of fear
 g - a scroll of blinking
 s - 3 scrolls of teleportation
 x - a scroll of immolation {unknown}
 y - 3 scrolls of remove curse
 z - 2 scrolls of amnesia {unknown}
Potions
 b - 6 potions of might
 e - a potion of resistance
 j - a potion of flight {unknown}
 k - 3 potions of heal wounds
 l - 4 potions of lignification
 m - 3 potions of haste
 p - 2 potions of agility
 q - 6 potions of brilliance {unknown}
 t - a potion of magic {unknown}
 u - a potion of curing {unknown}
 A - a potion of degeneration {unknown}
 D - a potion of ambrosia {unknown}
Comestibles
 c - 12 rations


   Skills:
 + Level 4.7 Fighting
 + Level 4.1 Dodging
 * Level 6.7 Unarmed Combat
 + Level 4.2 Spellcasting
 * Level 6.3 Transmutations
 + Level 3.3 Invocations


You had 9 spell levels left.
You knew the following spells:

 Your Spells              Type           Power        Failure   Level  Hunger
a - Beastly Appendage     Tmut           ###...       1%          1    #......
b - Sticks to Snakes      Tmut           ###.....     1%          2    ##.....
c - Spider Form           Tmut/Pois      #.........   8%          3    ###....

Your spell library contained the following spells:

 Spells                   Type           Power        Failure   Level  Hunger
 Blade Hands              Tmut           ###.......   19%         5    ######.
 Ice Form                 Ice/Tmut       #.......     26%         4    #####..


Dungeon Overview and Level Annotations

Branches:
Dungeon (7/15)             Temple (0/1) D:5

Altars:
Elyvilon
Fedhas
Gozag
Makhleb
Okawaru
Qazlal
Uskayaw
The Shining One

Annotations:
D:7 Dowan, Duvessa


Innate Abilities, Weirdness & Mutations

You can breathe waves of freezing cold.
You can buffet flying creatures when you breathe cold.
Your icy white scales are hard. (AC +6)
You cannot fit into any form of body armour.
Your flesh is cold resistant. (rC+)
You are cold-blooded and may be slowed by cold attacks.


Message History

The killer bee is heavily wounded.
The killer bee stings you but does no damage.
The killer bee barely misses you.
You hit the killer bee. You tail-slap the killer bee.
The killer bee is severely wounded.
You feel sick. The killer bee closely misses you. The killer bee misses you.
You completely miss the killer bee.
The killer bee is severely wounded.
You feel sick. The killer bee stings you.
* * * LOW HITPOINT WARNING * * *
You hit the killer bee.
The killer bee is almost dead.
The killer bee barely misses you. x2
You hit the killer bee but do no damage.
You tail-slap the killer bee, but do no damage.
The killer bee is almost dead.
You feel sick. The killer bee stings you.
* * * LOW HITPOINT WARNING * * *
The killer bee stings you!
You die...

#.....# #.....# #### ###.###
#####.....############...
#.#####........................
#..........#####.###########...
#####.......# #.########......
...........# #..........#....
####.......# #....########..#
##.....#####..#.# #..#
##.....yy@.....# #..#
##.##.######.## #..# #.##.# #.#
..(# #.##.. #.# ##.# #......
..# #.# #.###.## ## #.# .# ..#
.# #.#


You could see 2 killer bees.

Vanquished Creatures
  Grinder (D:3)
  Sigmund (D:5)
  A hungry ghost (D:7)
  2 sky beasts (D:6)
  An ice beast (D:5)
  2 bullfrogs (D:6)
  3 killer bees (D:7)
  A crimson imp (D:5)
  A hound (D:5)
  5 orc priests
  A centaur skeleton (D:6)
  A centaur zombie (D:6)
  6 orc wizards
  2 worker ants (D:6)
  Ijyb (D:3)
  A hound skeleton (D:6)
  2 howler monkey zombies
  7 gnolls (D:5)
  13 adders
  2 river rats (Sewer)
  An ooze (D:1)
  4 worms
  3 dart slugs
  3 leopard geckos
  25 orcs
  9 bats
  6 giant cockroaches
  10 goblins
  13 hobgoblins
  7 jackals
  6 quokkas
  A ball python (Sewer)
  15 frilled lizards
  A jackal zombie (D:7)
  9 kobolds
  A leopard gecko skeleton (D:4)
  A quokka skeleton (D:5)
  15 rats
184 creatures vanquished.

Vanquished Creatures (collateral kills)
  A hound (D:2)
  A worm (D:2)
  A jackal (D:2)
3 creatures vanquished.

Grand Total: 187 creatures vanquished

Notes
Turn   | Place    | Note
-------+----------+-------------------------------------------
     0 | D:1      | kae the Draconian Transmuter began the quest for the Orb.
     0 | D:1      | Reached XP level 1. HP: 16/16 MP: 3/3
   438 | D:1      | Reached XP level 2. HP: 23/23 MP: 3/5
   953 | D:1      | Learned a level 2 spell: Sticks to Snakes
  1009 | D:1      | Reached XP level 3. HP: 27/28 MP: 4/6
  1488 | D:2      | Found a white marble altar of Elyvilon.
  1810 | D:2      | Reached XP level 4. HP: 13/36 MP: 5/7
  2580 | D:3      | Reached XP level 5. HP: 9/42 MP: 5/8
  2819 | D:2      | Learned a level 3 spell: Spider Form
  3143 | D:3      | Noticed Grinder
  3156 | D:3      | Paralysed by Grinder for 4 turns
  3158 | D:3      | Killed Grinder
  3158 | D:3      | Reached XP level 6. HP: 34/50 MP: 4/10
  3266 | D:3      | Found an opulent altar of Gozag.
  3585 | D:3      | Found an iron altar of Okawaru.
  3636 | D:3      | Became a worshipper of Warmaster Okawaru
  3781 | D:3      | Found a burning altar of Makhleb.
  4026 | D:3      | Noticed Ijyb
  4035 | D:3      | Killed Ijyb
  4538 | D:4      | Your scales start taking on an icy white colour.
  4538 | D:4      | Reached XP level 7. HP: 27/57 MP: 8/11
  4538 | D:4      | Gained mutation: Your flesh is cold resistant. (rC+) [White Draconian growth]
  4609 | D:4      | Found a glowing drain.
  4614 | Sewer    | Entered a sewer
  4882 | Sewer    | Reached skill level 5 in Unarmed Combat
  5302 | D:4      | Found a glowing golden altar of the Shining One.
  5662 | D:5      | Entered Level 5 of the Dungeon
  5679 | D:5      | Reached skill level 1 in Invocations
  5888 | D:5      | Noticed Sigmund
  6281 | D:6      | Noticed a hand axe
  6282 | D:6      | Noticed a hand axe
  6287 | D:6      | Found a hide-covered altar of Uskayaw.
  6297 | D:6      | Reached * piety under Okawaru
  6297 | D:6      | Reached skill level 5 in Transmutations
  6729 | D:6      | Found a stormy altar of Qazlal.
  6734 | D:6      | Found a blossoming altar of Fedhas.
  6739 | D:6      | Reached XP level 8. HP: 58/66 MP: 9/13
  7391 | D:5      | Found a staircase to the Ecumenical Temple.
  8036 | D:5      | Killed Sigmund
  8113 | D:7      | Noticed Duvessa
  8113 | D:7      | Noticed Dowan
  8271 | D:7      | Reached ** piety under Okawaru
  8327 | D:7      | Slain by a killer bee

Vault maps used:
D:1:      dpeg_arrival_rooms_a, minmay_tetromino_o4
D:2:      lemuel_round_altar, minmay_tall_x
D:3:      grunt_gozag_statues, okawaru_altar_gauntlet_db, old_standard_altar,
          uniq_grinder, uniq_ijyb
D:4:      old_standard_altar, lightli_sewer_entry_pipes, first_ration
D:5:      minmay_temple_entry_hall, uniq_sigmund
D:6:      dancing_weapons_uskayaw, grunt_temple_overflow_forces_of_nature
D:7:      uniq_duvessa
Sewer:    sewer_co_cracked_pipes

Skill      XL: |  1  2  3  4  5  6  7  8 |
---------------+-------------------------+-----
Dodging        | 2 3 4 |  4.1
Fighting       | 2 3 4 |  4.7
Transmutations | 3 4 5 6 |  6.3
Unarmed Combat | 4 5 6 |  6.7
Spellcasting   | 3 4 |  4.2
Invocations    | 2 3 |  3.3

Action                   |  1- 3 |  4- 6 |  7- 9 || total
-------------------------+-------+-------+-------++-------
Melee: Unarmed           |    47 |   158 |   293 ||   498
       Tailslap          |    10 |     6 |    12 ||    28
       Short sword       |   127 |    43 |       ||   170
       Headbutt          |     5 |     4 |       ||     9
       Kick              |     8 |       |       ||     8
       Punch             |     1 |     3 |     2 ||     6
 Cast: Beastly Appendage |    18 |     5 |       ||    23
       Sticks to Snakes  |     3 |     1 |       ||     4
       Spider Form       |       |    17 |    29 ||    46
Invok: Heroism           |       |       |     4 ||     4
 Abil: Breathe Frost     |       |       |     9 ||     9
  Use: Scroll            |       |    11 |     4 ||    15
       Potion            |       |     1 |     1 ||     2
 Stab: Sleeping          |     2 |     1 |     1 ||     4
  Eat: Chunk             |     4 |    10 |    17 ||    31
       Ration            |       |       |     1 ||     1
Armor: Skin              |    68 |    51 |    36 ||   155
Dodge: Dodged            |   123 |   172 |   234 ||   529

Table legend:
 A = Spawn XP
 B = Non-spawn XP
 C = Spawn XP percentage of total XP
 D = Spawn monster count
 E = Non-spawn monster count
 F = Spawn count percentage of total count
 G = Total turns spent on level
                    A         B        C        D         E        F      G
               +---------+---------+-------+---------+---------+-------+---------
         Total |       0 |    2793 |   0.0 |       0 |     187 |   0.0 |  8327
               +---------+---------+-------+---------+---------+-------+---------
           D:1 |       0 |      55 |   0.0 |       0 |      30 |   0.0 |  1386
           D:2 |       0 |     103 |   0.0 |       0 |      30 |   0.0 |  1343
           D:3 |       0 |     481 |   0.0 |       0 |      39 |   0.0 |  1529
           D:4 |       0 |     153 |   0.0 |       0 |      22 |   0.0 |   860
           D:5 |       0 |     764 |   0.0 |       0 |      25 |   0.0 |   997
           D:6 |       0 |     818 |   0.0 |       0 |      22 |   0.0 |  1473
           D:7 |       0 |     369 |   0.0 |       0 |       5 |   0.0 |   195
         Sewer |       0 |      50 |   0.0 |       0 |      14 |   0.0 |   544
               +---------+---------+-------+---------+---------+-------+---------
